 Dungeon Crawl Stone Soup version 0.19.0-2-gae57169 (webtiles) character file.

26407 varam the Cleaver (level 12, -35/89 HPs)
             Began as a Demonspawn Gladiator on Nov 4, 2016.
             Was an Elder of Qazlal.
             Annihilated by Rupert
             ... wielding a +5 great mace of protection
              (49 damage)
             ... on level 3 of the Lair of Beasts.
             The game lasted 00:50:40 (15669 turns).

varam the Cleaver (Demonspawn Gladiator)           Turns: 15669, Time: 00:50:41

Health: -35/89     AC: 14    Str: 14 (16) XL:     12   Next: 98%
Magic:  20/20      EV: 17    Int:  9 (12) God:    Qazlal [****..]
Gold:   324        SH:  9    Dex: 15 (16) Spells: 1 memorised, 9 levels left

rFire  . . .     SeeInvis .     m - +5 executioner's axe of Wuwaleapp {freeze, +Blink}
rCold  + . .     Gourm    .     l - -2 leather armour
rNeg   . . .     Faith    .     (shield currently unavailable)
rPois  .         Spirit   .     c - +0 helmet
rElec  +         Reflect  +     (no cloak)
rCorr  .         Harm     .     N - +0 pair of gloves
MR     .....                    U - +0 pair of boots {run}
Stlth  ++........               i - amulet of Pegegy {Reflect rElec SH+4}
                                q - +6 ring of protection
                                n - +3 ring of protection

@: repel missiles, drained, quick
A: talons 2, cold resistance 1, deterioration 1, nightstalker 2, spiny 3, no
device heal 1, MP-powered wands
a: Upheaval, Elemental Force, Renounce Religion, Evoke Blink


You were on level 3 of the Lair of Beasts.
You worshipped Qazlal.
Qazlal was greatly pleased with you.
You were not hungry.

You visited 2 branches of the dungeon, and saw 15 of its levels.

You collected 1045 gold pieces.
You spent 721 gold pieces at shops.

Inventory:

Hand Weapons
 a - a +0 flail of draining
 m - the +5 executioner's axe of Wuwaleapp (weapon) {freeze, +Blink}
   (You acquired it on level 9 of the Dungeon)

   It has been specially enchanted to freeze those struck by it, causing extra
   injury to most foes and up to half again as much damage against particularly
   susceptible opponents.
   It can also slow down cold-blooded creatures.
   It lets you blink.
 u - the +5 short sword of Tenacity {drain, rF++ MR++ Str+3}
   (You found it on level 2 of the Lair of Beasts)

   A truly terrible weapon, it drains the life of those it strikes.
   It affects your strength (+3).
   It greatly protects you from fire.
   It affects your resistance to hostile enchantments.
 A - a +0 broad axe
Missiles
 d - 3 throwing nets
 j - 10 javelins
 M - 7 tomahawks (quivered)
Armour
 c - a +0 helmet (worn)
 l - a -2 leather armour (worn)
 F - a +0 ring mail of fire resistance
 J - a +0 buckler
 N - a +0 pair of gloves (worn)
 U - a +0 pair of boots of running (worn)
Jewellery
 i - the amulet of Pegegy (around neck) {Reflect rElec SH+4}
   (You found it on level 9 of the Dungeon)

   [amulet of reflection]

   It shields you and reflects attacks.
   It insulates you from electricity.
   It affects your SH (+4).
 n - a +3 ring of protection (left hand)
 q - a +6 ring of protection (right hand)
 v - an uncursed ring of fire
 x - an uncursed ring of protection from cold
Wands
 h - a wand of flame (24/48)
 X - a wand of hasting (6/9)
Scrolls
 b - a scroll of enchant weapon {unknown}
 r - a scroll of holy word {unknown}
 s - 2 scrolls of teleportation
 t - 3 scrolls of identify
 z - a scroll of amnesia
 B - a scroll of vulnerability {unknown}
 E - 5 scrolls of magic mapping
 P - 2 scrolls of remove curse
Potions
 e - 13 potions of curing
 g - 2 potions of heal wounds
 p - 3 potions of cancellation
 w - a potion of brilliance
 C - a potion of agility {unknown}
 D - 2 potions of flight
 G - a potion of berserk rage {unknown}
 H - a potion of mutation {unknown}
 K - a potion of invisibility {unknown}
Books
 y - a book of Air

   Spells                             Type                      Level
   a - Shock                          Conjuration/Air              1
   b - Swiftness                      Charms/Air                   2
   c - Repel Missiles                 Charms/Air                   2
   d - Static Discharge               Conjuration/Air              3
   e - Lightning Bolt                 Conjuration/Air              5
Comestibles
 f - 3 bread rations
 k - 6 meat rations
 o - 2 beef jerkies
 I - 7 chunks of flesh
 S - 3 royal jellies


   Skills:
 + Level 6.6(5.8) Fighting
 + Level 12.3(11.4) Axes
 - Level 1.7(1.1) Throwing
 - Level 6.4(5.6) Armour
 + Level 9.1(8.3) Dodging
 - Level 6.7(6.0) Shields
 + Level 11.7(10.9) Invocations


You had 9 spell levels left.
You knew the following spells:

 Your Spells              Type           Power        Failure   Level  Hunger
a - Blink                 Tloc           N/A          77%         2    ###....


Dungeon Overview and Level Annotations

Branches:
Dungeon (11/15)            Temple (0/1) D:6            Lair (4/6) D:9
  Snake (0/4) Lair:2
  Swamp: Lair:2-4    Shoals: Lair:2-4       Orc: D:9-12

Altars:
Ashenzari
Cheibriados
Dithmenos
Elyvilon
Kikubaaqudgha
Makhleb
Nemelex Xobeh
Qazlal
Ru
Vehumet

Shops:
D:9 **[**   D:10 [=**

Annotations:
Lair:3 Rupert
Lair:4 Nergalle


Innate Abilities, Weirdness & Mutations

You have razor-sharp toenails.
You are significantly more attuned to the shadows.
You are completely covered in sharp spines.
Your flesh is cold resistant. (rC+)
Your body sometimes deteriorates upon taking damage.
Potions and wands are less effective at restoring your health.
You expend magic power (3 MP) to strengthen your wands.


Message History

There is a stone staircase leading up, spattered with blood here.
The spectral orc knight is struck by your spines.
The spectral orc knight misses you.
Rupert hits you with a great mace of protection!!
* * * LOW HITPOINT WARNING * * *
Your body deteriorates!
You feel weakened.
The spectral orc warrior is struck by your spines.
You destroy the spectral orc warrior!
The spectral orc warrior barely misses you.
You climb upwards.
A crocodile comes into view.
You block the crocodile's attack.
There is a stone staircase leading down, spattered with blood here.
Okay, then.
Rupert is struck by your spines. Rupert misses you.
Rupert rages.
Rupert is engulfed in roaring flames.
Rupert hits you with a great mace of protection!!!
Ouch! That really hurt!
You die...

#################################
.................................
..................(..............
.................................
.....###..........#.....####.....
#....# #.....(...##...>P# #.....
.....# #........@###..†## ##.....
P...P# #......§@§.##...# #......
#...P###..........##...# ##.....
#....##......§...###...# #.....
....####.....t.§§# #...# #.....
....# ##.........# #...## #.....
....# #..........# #....# ##.....
#...# ##..>......###....###......
#.†.###...........#....###.#.....


You could see Rupert (berserk) and a crocodile.

Vanquished Creatures
  Kirke (Lair:3)
  An ogre mage (D:7)
  Harold (Lair:4)
  A hydra (Lair:4)
  3 black mambas
  9 spiny frogs
  A gargoyle (D:10)
  5 komodo dragons
  A rime drake (Lair:3)
  A polar bear (Lair:3)
  Grinder (D:4)
  A troll (D:9)
  5 blink frogs (Lair:3)
  A two-headed ogre (D:8)
  A dream sheep (Lair:3)
  3 hippogriffs
  2 wyverns (Lair:3)
  2 basilisks
  30 yaks
  Edmund (D:5)
  6 swamp worms
  21 water moccasins
  6 porcupines
  A hornet zombie (D:9)
  A swamp drake (D:9)
  Purgy (D:4)
  An ice beast (D:7)
  2 black bears
  4 orc warriors
  3 sky beasts
  6 ogres
  3 wolves (Lair:3)
  6 phantoms
  3 centaurs
  10 crocodiles
  A big kobold (D:8)
  Blork the orc (D:4)
  11 bullfrogs
  8 killer bees
  5 wights
  2 vampire bats (D:5)
  5 howler monkeys
  2 crimson imps
  A quasit (D:8)
  A bullfrog zombie (D:9)
  4 jellies
  4 hounds
  6 orc wizards
  6 orc priests
  A gnoll shaman (D:9)
  A centaur skeleton (D:8)
  6 iguanas
  9 worker ants
  2 hound skeletons
  3 gnolls (D:9)
  14 adders
  2 shadow imps
  An ooze (D:2)
  4 worms
  2 adder skeletons
  4 dart slugs
  7 leopard geckos
  26 orcs
  3 bat skeletons (D:5)
  2 bat zombies (D:5)
  8 giant cockroaches
  11 goblins
  8 hobgoblins
  13 jackals
  8 quokkas
  2 ball pythons (Lair:2)
  A ball python zombie (D:5)
  6 bats
  6 frilled lizards
  9 kobolds
  6 rats
  4 fungi
  2 plants (Lair:3)
373 creatures vanquished.

Vanquished Creatures (others)
  3 humans (Lair:4)
  3 fungi
  6 plants (Lair:2)
12 creatures vanquished.

Grand Total: 385 creatures vanquished

Notes
Turn   | Place    | Note
-------+----------+-------------------------------------------
     0 | D:1      | varam the Demonspawn Gladiator began the quest for the Orb.
     0 | D:1      | Reached XP level 1. HP: 16/16 MP: 1/1
   207 | D:1      | Reached skill level 3 in Axes
   469 | D:1      | Gained mutation: You are partially covered in sharp spines. [demonic ancestry]
   469 | D:1      | Reached XP level 2. HP: 22/22 MP: 2/2
   719 | D:2      | Found a stormy altar of Qazlal.
   741 | D:2      | Became a worshipper of Qazlal Stormbringer
   818 | D:2      | Reached XP level 3. HP: 24/27 MP: 3/3
   902 | D:2      | Found a white marble altar of Elyvilon.
   947 | D:2      | Reached skill level 4 in Axes
  1060 | D:2      | Found a shadowy altar of Dithmenos.
  1216 | D:2      | Reached skill level 3 in Dodging
  1293 | D:3      | Found a faded altar of an unknown god.
  1304 | D:3      | Found a burning altar of Makhleb.
  1490 | D:3      | Reached XP level 4. HP: 33/33 MP: 4/4
  1504 | D:3      | Reached skill level 1 in Invocations
  1761 | D:3      | Reached * piety under Qazlal
  1898 | D:4      | Noticed Purgy
  1898 | D:4      | Noticed a phantom
  1928 | D:4      | Noticed Blork the orc
  2241 | D:3      | Reached skill level 4 in Dodging
  2241 | D:3      | Reached skill level 2 in Invocations
  2241 | D:3      | Gained mutation: You are mostly covered in sharp spines. [demonic ancestry]
  2241 | D:3      | Reached XP level 5. HP: 28/38 MP: 6/6
  2336 | D:4      | Found a shattered altar of Ashenzari.
  2351 | D:4      | Noticed Grinder
  2502 | D:4      | Killed a phantom
  2502 | D:4      | Reached skill level 3 in Invocations
  2502 | D:4      | Gained mutation: You are slightly more attuned to the shadows. [demonic ancestry]
  2502 | D:4      | Reached XP level 6. HP: 36/45 MP: 8/8
  2544 | D:4      | Paralysed by Grinder for 3 turns
  2551 | D:4      | Killed Grinder
  2551 | D:4      | Reached skill level 3 in Fighting
  2551 | D:4      | Reached skill level 5 in Axes
  2557 | D:4      | Killed Purgy
  2557 | D:4      | Reached XP level 7. HP: 51/52 MP: 9/9
  2561 | D:4      | Killed Blork the orc
  2682 | D:4      | Reached skill level 6 in Axes
  2695 | D:4      | Reached skill level 4 in Fighting
  2975 | D:5      | Entered Level 5 of the Dungeon
  3131 | D:5      | Found a radiant altar of Vehumet.
  3147 | D:5      | Noticed Edmund
  3179 | D:5      | Reached skill level 7 in Axes
  3179 | D:5      | Gained mutation: You are significantly more attuned to the shadows. [demonic ancestry]
  3179 | D:5      | Reached XP level 8. HP: 42/60 MP: 10/10
  3221 | D:5      | Killed Edmund
  3221 | D:5      | Reached ** piety under Qazlal
  3396 | D:5      | Reached skill level 8 in Axes
  4377 | D:5      | Found an ancient bone altar of Kikubaaqudgha.
  4380 | D:5      | Reached skill level 9 in Axes
  4381 | D:5      | Reached *** piety under Qazlal
  4478 | D:5      | Found a snail-covered altar of Cheibriados.
  5023 | D:6      | Found a staircase to the Ecumenical Temple.
  5257 | D:7      | Noticed an ogre mage
  5296 | D:7      | Killed an ogre mage
  5296 | D:7      | Reached skill level 2 in Shields
  5296 | D:7      | Reached skill level 5 in Invocations
  5296 | D:7      | Gained mutation: You are completely covered in sharp spines. [demonic ancestry]
  5296 | D:7      | Reached XP level 9. HP: 65/65 MP: 10/12
  5359 | D:7      | Reached skill level 3 in Shields
  5411 | D:7      | Reached skill level 6 in Invocations
  5504 | D:7      | Reached skill level 10 in Axes
  5771 | D:7      | Gained mutation: Potions and wands are less effective at restoring your health. [mutagenic meat]
  5772 | D:7      | Gained mutation: You expend magic power (3 MP) to strengthen your wands. [mutagenic meat]
  5774 | D:7      | Gained mutation: Your spells are a little easier to cast, but a little less powerful. [mutagenic meat]
  5775 | D:7      | Gained mutation: Your flesh is cold resistant. (rC+) [mutagenic meat]
  5998 | D:8      | Reached skill level 4 in Shields
  5998 | D:8      | Reached skill level 7 in Invocations
  6181 | D:8      | Reached **** piety under Qazlal
  6359 | D:8      | Learned a level 2 spell: Blink
  6418 | D:8      | Gained mutation: You have sharp toenails. [demonic ancestry]
  6418 | D:8      | Reached XP level 10. HP: 56/71 MP: 10/15
  6546 | D:8      | Gained mutation: Your body sometimes deteriorates upon taking damage. [mutagenic meat]
  6548 | D:8      | Lost mutation: Your spells are a little easier to cast, but a little less powerful. [mutagenic meat]
  6757 | D:9      | Got a heavily runed copper amulet
  6763 | D:8      | Identified the amulet of Pegegy {Reflect rElec SH+4} (You found it on level 9 of the Dungeon)
  6959 | D:9      | Found a sparkling altar of Nemelex Xobeh.
  6959 | D:9      | Found a sacrificial altar of Ru.
  7090 | D:9      | Found Esteseos's Assorted Antiques.
  7092 | D:9      | Found Luumun's General Store.
  7100 | D:9      | Bought a potion of heal wounds for 75 gold pieces
  7202 | D:9      | Reached skill level 8 in Invocations
  7373 | D:9      | Found Qayjaez's Armour Shop.
  7378 | D:9      | Bought a +0 pair of boots of running for 409 gold pieces
  7407 | D:9      | Reached skill level 5 in Shields
  7473 | D:9      | Found Fucvod's Assorted Antiques.
  7479 | D:9      | Bought a scroll of identify for 56 gold pieces
  7798 | D:9      | Reached skill level 9 in Invocations
  7991 | D:9      | Reached skill level 6 in Shields
  8342 | D:9      | Reached skill level 10 in Invocations
  8578 | D:9      | Found a staircase to the Lair.
  8860 | D:9      | Found Leprytiu's General Store.
  8865 | D:9      | Bought a potion of heal wounds for 80 gold pieces
  8865 | D:9      | Bought a scroll of identify for 32 gold pieces
  8865 | D:9      | Bought a scroll of identify for 32 gold pieces
  9108 | D:10     | Entered Level 10 of the Dungeon
  9179 | D:10     | Reached skill level 1 in Armour
  9191 | D:10     | Found Jaifoleamm's Antique Armour Boutique.
  9200 | D:10     | Noticed a gargoyle
  9380 | D:10     | Killed a gargoyle
  9674 | D:9      | Gained mutation: You have razor-sharp toenails. [demonic ancestry]
  9674 | D:9      | Reached XP level 11. HP: 71/77 MP: 18/18
  9803 | D:10     | Found Plog's Jewellery Emporium.
  9815 | D:10     | Found Raneygea's Assorted Antiques.
  9821 | D:10     | Bought a scroll labeled SUOSERI ORITWO for 37 gold pieces
  9843 | D:10     | Found Viq Umog's Assorted Antiques.
  9860 | D:10     | Reached skill level 2 in Armour
  9985 | D:10     | Reached skill level 11 in Axes
 10054 | D:11     | Noticed a cyan ugly thing
 10092 | D:11     | Noticed an eight-headed hydra
 10381 | D:9      | Reached skill level 5 in Dodging
 10730 | Lair:1   | Entered Level 1 of the Lair of Beasts
 10926 | Lair:1   | Reached skill level 3 in Armour
 11766 | D:9      | Identified a scroll of acquirement
 11767 | D:9      | Got an ichor-stained executioner's axe
 11773 | D:9      | Identified the +5 executioner's axe of Wuwaleapp {freeze, +Blink} (You acquired it on level 9 of the Dungeon)
 11861 | Lair:2   | Reached skill level 5 in Fighting
 12220 | Lair:2   | Reached skill level 4 in Armour
 12507 | Lair:2   | Reached skill level 11 in Invocations
 12639 | Lair:2   | Reached skill level 12 in Axes
 12850 | Lair:2   | Found a staircase to the Snake Pit.
 12988 | Lair:2   | Got a slimy short sword
 12989 | Lair:2   | Identified the +5 short sword of Tenacity {drain, rF++ MR++ Str+3} (You found it on level 2 of the Lair of Beasts)
 13542 | Lair:3   | Reached XP level 12. HP: 61/87 MP: 20/20
 13578 | Lair:3   | Reached skill level 6 in Dodging
 13583 | Lair:3   | Reached skill level 5 in Armour
 13661 | Lair:4   | Noticed Harold
 13976 | Lair:2   | Reached ***** piety under Qazlal
 14017 | Lair:4   | Noticed Kirke
 14068 | Lair:3   | Reached skill level 7 in Dodging
 14393 | Lair:3   | Reached skill level 6 in Armour
 14481 | Lair:3   | Reached skill level 8 in Dodging
 14694 | Lair:4   | Killed Harold
 15015 | Lair:4   | Noticed Rupert
 15022 | Lair:3   | Killed Kirke
 15022 | Lair:3   | Reached skill level 6 in Fighting
 15095 | Lair:4   | Noticed a seven-headed hydra
 15098 | Lair:4   | Killed a seven-headed hydra
 15098 | Lair:4   | Reached skill level 9 in Dodging
 15142 | Lair:4   | Noticed Nergalle
 15295 | Lair:4   | Paralysed by Rupert for 4 turns
 15656 | Lair:4   | Paralysed by Rupert for 4 turns
 15669 | Lair:3   | Annihilated by Rupert

Skill      XL: |  1  2  3  4  5  6  7  8  9 10 11 12 |
---------------+-------------------------------------+-----
Axes           | 3 4 5 7 9 10 12 | 12.3
Dodging        | 3 4 5 9 |  9.1
Invocations    | 2 3 5 7 10 11 | 11.7
Fighting       | 3 4 5 6 |  6.6
Shields        | 2 4 6 |  6.7
Armour         | 1 4 6 |  6.4
Throwing       | |  1.7

Action                   |  1- 3 |  4- 6 |  7- 9 | 10-12 || total
-------------------------+-------+-------+-------+-------++-------
Melee: War axe           |    87 |    55 |   214 |   348 ||   704
       Unarmed           |       |    11 |     3 |       ||    14
       Staff             |       |       |    60 |       ||    60
       Kick              |       |       |       |    16 ||    16
       Executioner's axe |       |       |       |   182 ||   182
       Broad axe         |       |       |       |    70 ||    70
Throw: Javelin           |     2 |       |     2 |       ||     4
       Throwing net      |     1 |       |     2 |       ||     3
       Tomahawk          |       |       |     3 |       ||     3
Invok: Upheaval          |       |       |     1 |    12 ||    13
       Disaster Area     |       |       |       |     1 ||     1
  Use: Scroll            |     3 |     1 |     5 |    16 ||    25
       Potion            |       |       |       |     3 ||     3
  Eat: Chunk             |     2 |     3 |    16 |    25 ||    46
       Beef jerky        |       |       |     1 |     1 ||     2
       Bread ration      |       |       |       |     1 ||     1
       Pizza             |       |       |       |     1 ||     1
Armor: Leather armour    |    37 |     3 |       |    72 ||   112
       Ring mail         |       |    29 |    84 |    82 ||   195
       Skin              |       |     4 |       |       ||     4
Dodge: Dodged            |    67 |    60 |   163 |   233 ||   523
       Deflected         |       |       |       |     2 ||     2
Block: Other             |       |     1 |    35 |   100 ||   136
       Buckler           |       |       |       |   255 ||   255
       Reflection        |       |       |       |     8 ||     8
